 Dungeon Crawl Stone Soup version 0.31-a0-833-gc15d34cb79 (webtiles) character file.

Game seed: 17521467311793522853

14 Bravepunisher the Ducker (level 2, -1/16 HPs)
             Began as a Spriggan Monk on Sept 25, 2023.
             Killed from afar by a steam dragon (10 damage)
             ... with a ball of steam
             ... on level 7 of the Dungeon.
             The game lasted 00:04:35 (1175 turns).

Bravepunisher the Ducker (Spriggan Monk)            Turns: 1175, Time: 00:04:36

Health: -1/16      AC:  2    Str:  7    XL:     2   Next: 31%
Magic:  3/3        EV: 19    Int: 11    God:
Gold:   33         SH:  0    Dex: 17    Spells: 1/1 levels left

rFire   . . .        a - +0 short sword
rCold   . . .        (no shield)
rNeg    . . .        b - +0 robe
rPois   .            (helmet restricted)
rElec   .            (no cloak)
rCorr   .            (gloves unavailable)
SInv    +            (boots unavailable)
Will    .....        (no amulet)
Stlth   ++           (no ring)
HPRegen 0.22/turn    (no ring)
MPRegen 0.08/turn

%: no passive effects
@: very quick
A: very small, no large weapons, unfitting armour, see invisible, speed 3
a: no special abilities


You were on level 7 of the Dungeon.
You visited 1 branch of the dungeon, and saw 7 of its levels.

You collected 33 gold pieces.

Inventory:

Hand Weapons
 a - a +0 short sword (weapon)
Armour
 b - a +0 robe (worn)
Jewellery
 d - a ring of willpower
Scrolls
 e - 3 scrolls of teleportation {unknown}
Potions
 c - a potion of ambrosia
 f - a potion of attraction {unknown}
 g - a potion of curing {unknown}


   Skills:
 * Level 2.9 Fighting
 - Level 3.2 Short Blades
 + Level 4.3 Dodging


You had one spell level left.
You didn't know any spells.
Your spell library contained the following spells:

 Spells                   Type           Power      Damage    Failure   Level
 Magic Dart               Conj           0%         1d3       34%         1
 Call Imp                 Summ           0%         N/A       47%         2
 Mephitic Cloud           Conj/Pois/Air  0%         N/A       71%         3


Dungeon Overview and Level Annotations

Branches:
Dungeon (7/15)
 Temple: D:4-7

Altars:
Ru
Yredelemnul


Innate Abilities, Weirdness & Mutations

You are very small and have problems with some larger weapons.
You are too small for most types of armour.
You have supernaturally acute eyesight. (SInv)
You cover ground extremely quickly. (Speed+++)


Message History

You open the door.
There is a stone staircase leading up here.
Found a stone staircase leading down.
There is an open door here.
Found a robe.
There is a stone staircase leading down here.
You open the door.
There is an open door here.
You close the door.
You open the door.
There is an open door here.
An ogre comes into view. It is wielding a +0 giant club.
The ogre shouts!
You open the door.
There is an open door here.
You open the door.
Found a book of Blood.
Found 8 stones.
There is an open door here.
You open the door.
Found 6 stones.
There is an open door here.
You see here 6 stones.
You open the door.
Found a whip and a scroll labelled JUQUPN REIQO.
The steam dragon hisses angrily.
There is an open door here.
You see here a +0 whip.
The steam dragon closely misses you. x2
The steam dragon breathes steam at you. The ball of steam hits you!
Ouch! That really hurt!
* * * LOW HITPOINT WARNING * * *
Found a stone staircase leading down.
Found 9 gold pieces.
Found 13 gold pieces.
The steam dragon breathes steam at you. The ball of steam hits you!
Ouch! That really hurt!
You die...

.
#.#.......#
#
#.######.##
#.# #.# #O#
#.# #.# #.#
#.# #D# #.#
#§# #.# #§#
#.######@#
#........#
##########


There were no monsters in sight!

Vanquished Creatures
  A dart slug (D:3)
  An orc (D:4)
  A ball python (D:4)
  2 endoplasms
  2 goblins
  A kobold (D:4)
  A quokka (D:5)
9 creatures vanquished.

Notes
Turn   | Place    | Note
-------+----------+-------------------------------------------
     0 | D:1      | Bravepunisher the Spriggan Monk began the quest for the
                  | Orb.
     0 | D:1      | Reached XP level 1. HP: 11/11 MP: 2/2
    52 | D:1      | You fall into a shaft and drop 1 floor!
   125 | D:3      | Found a sacrificial altar of Ru.
   137 | D:3      | Noticed an orc wizard
   199 | D:3      | Noticed an orc wizard
   360 | D:5      | Entered Level 5 of the Dungeon
   360 | D:5      | Noticed a hound
   408 | D:4      | Reached XP level 2. HP: 1/16 MP: 3/3
   481 | D:4      | Noticed a scorpion
   618 | D:4      | Noticed an ice beast
   695 | D:4      | Found a basalt altar of Yredelemnul.
   973 | D:7      | Noticed a steam dragon
   984 | D:6      | Noticed a bullfrog
  1013 | D:7      | Noticed an ice beast
  1066 | D:7      | Noticed an ogre
  1175 | D:7      | Killed from afar by a steam dragon

Illustrated notes

Levels and vault maps discovered:
D:1:      minmay_arrival_glassed_features, layout_loops_ring,
          nicolae_shop_unique_rings, nicolae_wormholes
D:2:      layout_basic
D:3:      layout_basic, nicolae_ru_great_annihilating_truth,
          shapermc_ecumenical_altar_mp_vishouse
D:4:      layout_loops_corners, nicolae_overflow_crystal_walls,
          hangedman_decor_push
D:5:      layout_cave_pods, minmay_gold_behind_fungi, uniq_crazy_yiuf_cottage
D:6:      layout_basic, gammafunk_temple_overflow_elements,
          minmay_misc_feat_chi, uniq_grinder
D:7:      layout_basic, minmay_temple_entry_trees, supply_closet_lemuel

Action                     || total
---------------------------++-------
  Melee: Short sword       ||    41
   Stab: Paralysed         ||     1
 Armour: Robe              ||    21
  Dodge: Dodged            ||    42

Table legend: (Time is in decaauts)
 A = Elapsed time spent in this place.
 B = Non-inter-level travel time spent in this place.
 C = Inter-level travel time spent in this place.
 D = Time resting spent in this place.
 E = Time spent auto-exploring this place.
 F = Levels seen in this place.
 G = Mean time per level.
                   A        B        C        D        E       F      G
               +--------+--------+--------+--------+--------+-----+--------+
         Total |    775 |    764 |     11 |     81 |    163 |   7 |  110.7 |
       Dungeon |    775 |    764 |     11 |     81 |    163 |   7 |  110.7 |
               +--------+--------+--------+--------+--------+-----+--------+

Top non-repeatable levels by time:
     D:4: 324 daAuts
     D:3: 148 daAuts
     D:7: 114 daAuts
     D:5: 96 daAuts
     D:6: 37 daAuts
     D:1: 35 daAuts
     D:2: 19 daAuts
